 Dungeon Crawl Stone Soup version 0.29.1-2-gbd0b4ee654 (webtiles) character file.

Game seed: 6779223590175468714

5750 Firos the Carver (level 10, -4/86 HPs)
             Began as a Minotaur Gladiator on Nov 15, 2022.
             Was an Elder of Okawaru.
             Slain by a bunyip (23 damage)
             ... on level 9 of the Dungeon.
             The game lasted 00:15:44 (8133 turns).

Firos the Carver (Minotaur Gladiator)               Turns: 8133, Time: 00:15:45

Health: -4/86      AC: 10    Str: 19    XL:     10   Next: 49%
Magic:  1/11       EV: 15    Int:  5    God:    Okawaru [****..]
Gold:   327        SH:  0    Dex: 16    Spells: 9/9 levels left

rFire   . . .      SeeInvis +   a - +1 falchion (holy)
rCold   . . .      Faith    +   (no shield)
rNeg    + . .      Spirit   .   q - +0 troll leather armour {Pargi}
rPois   +          Reflect  .   c - +0 hat
rElec   .          Harm     .   x - +2 cloak
rCorr   .          Rampage  .   g - +1 pair of gloves
Will    .....                   (no boots)
Stlth   +.........              s - amulet of faith
HPRegen 1.04/turn               w - ring of poison resistance
MPRegen 0.12/turn               o - ring of Vodka {rN+ SInv}

@: finesse-ful
A: horns 2, retaliatory headbutt
a: Renounce Religion, Heroism, Finesse


You were on level 9 of the Dungeon.
You worshipped Okawaru.
Okawaru was greatly pleased with you.
You visited 2 branches of the dungeon, and saw 10 of its levels.
You also visited: Sewer.

You collected 791 gold pieces.
You spent 464 gold pieces at shops.

Inventory:

Hand Weapons
 a - a +1 falchion of holy wrath (weapon)
 b - a +2 shortbow of freezing
 v - a +0 long sword
Missiles
 d - 2 throwing nets (quivered)
 e - a javelin
Armour
 c - a +0 hat (worn)
 g - a +1 pair of gloves (worn)
 q - a +0 troll leather armour (worn) {Pargi}
 x - a +2 cloak (worn)
 z - a +0 plate armour
Jewellery
 o - the ring of Vodka (right hand) {rN+ SInv}
   (You bought it in a shop on level 6 of the Dungeon)

   [ring of see invisible]

   rN:        It protects you from negative energy.
   SInv:      It lets you see invisible.
 r - a ring of flight
 s - an amulet of faith (around neck)
 w - a ring of poison resistance (left hand)
Wands
 k - a wand of iceblast (7)
 t - a wand of charming (7)
 u - a wand of polymorph (11)
 A - a wand of flame (28)
Scrolls
 f - a scroll of magic mapping
 i - a scroll of enchant armour
 j - 3 scrolls of amnesia
 l - 2 scrolls of fear
 n - a scroll of noise
 y - a scroll of torment {unknown}
 D - a scroll of enchant weapon {unknown}
Potions
 h - 2 potions of brilliance
 m - a potion of haste
 p - a potion of curing
 B - a potion of ambrosia


   Skills:
 + Level 7.6 Fighting
 * Level 10.8 Long Blades
 * Level 7.6 Ranged Weapons
 - Level 2.0 Throwing
 + Level 7.2 Armour
 + Level 7.3 Dodging
 + Level 3.9 Invocations


You had 9 spell levels left.
You didn't know any spells.
Your spell library contained the following spells:

 Spells                   Type           Power      Damage    Failure   Level
 Freeze                   Ice            0%         1d3       52%         1
 Poisonous Vapours        Pois/Air       0%         N/A       67%         2
 Frozen Ramparts          Ice            0%         1d1       88%         3
 Cause Fear               Hex            0%         N/A       99%         4
 Corpse Rot               Necr/Pois/Air  0%         N/A       99%         4
 Hailstorm                Conj/Ice       0%         3d3       99%         4
 Dragon Form              Tmut           0%         N/A       100%        7
 Dragon's Call            Summ           Unusable   N/A       N/A         9

Dungeon Overview and Level Annotations

Branches:
Dungeon (9/15)             Temple (1/1) D:5           Sewer (visited)
   Lair: D:8-11         Orc: D:9-12

Altars:
Ashenzari
Cheibriados
Dithmenos
Elyvilon
Fedhas
Hepliaklqana
Kikubaaqudgha
Makhleb
Nemelex Xobeh
Okawaru
Ru
Sif Muna
Uskayaw
Vehumet
Wu Jian
Xom
Yredelemnul
Zin

Shops:
D:4 (   D:6 =

Annotations:
D:5 exclusion: oklob plant


Innate Abilities, Weirdness & Mutations

You have a pair of horns on your head.
You reflexively headbutt those who attack you in melee.


Message History

Your +1 falchion of holy wrath stops glowing.
Your +2 shortbow of freezing is covered in frost.
b - a +2 shortbow of freezing (weapon)
Okay, then.
You can now deal lightning-fast blows.
Your +2 shortbow of freezing stops glowing.
Your +1 falchion of holy wrath softly glows with a divine radiance!
a - a +1 falchion of holy wrath (weapon)
You hit the boulder beetle but do no damage.
The boulder beetle hits you!!!
The boulder beetle stops rolling and uncurls.
You hit the boulder beetle but do no damage.
You slash the boulder beetle!
The boulder beetle is lightly wounded.
The boulder beetle leaps!
Aiming: Polymorph
Press: ? - help, Shift-Dir - straight line, f - boulder beetle
Aim: a boulder beetle (lightly wounded, will become a bunyip, a snapping turtle, or a water nymph, chance to affect: 31%)
The boulder beetle evaporates and reforms as a bunyip!
Okay, then.
You slash the gnoll!
The gnoll is severely wounded.
You hit the gnoll but do no damage. Your headbutt misses the gnoll.
The gnoll is severely wounded.
The gnoll barely misses you.
You hit the gnoll.
You kill the gnoll!
Okawaru accepts your kill.
Aiming: Polymorph
Press: ? - help, Shift-Dir - straight line, f/p - bunyip
Aim: a bunyip (will become an ice dragon, a tyrant leech, or an alligator, chance to affect: 17%)
Okay, then.
Unknown command.
Your hands get new energy.
You closely miss the bunyip. You punch the bunyip.
The bunyip is lightly wounded.
The bunyip misses you. The bunyip claws you!!
* * * LOW HITPOINT WARNING * * *
The bunyip claws you!!
You die...

.....y.....
#.......................
#>......................
#.......................
#.......................
#.....................##
#....................#
#.....x)†...... ###.?
#......@.......
#..............
#..............
#....>..............
#...................♣
#....................♣♣
#.....................♣♣
#................≈~≈...♣
#...............≈≈~≈≈...


You could see a bunyip.

Vanquished Creatures
  A two-headed ogre (D:8)
  Pikel (D:4)
  A hornet (D:8)
  A wyvern (D:7)
  A wraith (D:8)
  A steam dragon (D:8)
  An acid dragon (D:8)
  2 orc warriors
  A water moccasin (Sewer)
  A black bear (D:7)
  2 sky beasts
  An ice beast (D:7)
  Pargi (D:3)
  2 ogres
  2 phantoms
  3 centaurs
  3 kobold brigands
  6 bullfrogs
  A gnoll sergeant (D:7)
  2 necrophages
  5 scorpions
  10 killer bees
  A howler monkey (D:8)
  4 jellies
  7 hounds
  A gnoll bouda (D:9)
  Terence (D:3)
  7 iguanas
  Natasha (thrice) (D:2)
  5 orc wizards
  9 gnolls
  8 adders
  2 shadow imps
  A white imp (D:6)
  3 ufetubi
  3 worms
  3 dart slugs
  20 orcs
  7 endoplasms
  10 giant cockroaches
  7 goblins
  13 hobgoblins
  32 kobolds
  10 quokkas
  11 ball pythons
  4 bats
  4 frilled lizards
  3 rats
228 creatures vanquished.

Vanquished Creatures (others)
  An orc wizard (D:8)
  9 toadstools (D:5)
  A withered plant (D:8)
11 creatures vanquished.

Grand Total: 239 creatures vanquished

Notes
Turn   | Place    | Note
-------+----------+-------------------------------------------
     0 | D:1      | Firos the Minotaur Gladiator began the quest for the Orb.
     0 | D:1      | Reached XP level 1. HP: 18/18 MP: 0/0
   341 | D:1      | Reached XP level 2. HP: 23/25 MP: 1/1
   399 | D:1      | Reached skill level 4 in Long Blades
   701 | D:1      | Reached skill level 1 in Armour
  1310 | D:2      | Reached XP level 3. HP: 26/31 MP: 2/2
  1651 | D:2      | Noticed Natasha
  1659 | D:2      | Killed Natasha
  1660 | D:2      | Reached XP level 4. HP: 29/38 MP: 3/3
  1743 | D:2      | Noticed Natasha
  1748 | D:2      | Killed Natasha
  1840 | D:2      | Noticed Natasha
  1851 | D:2      | Killed Natasha
  1852 | D:2      | Reached skill level 5 in Long Blades
  2068 | D:3      | Noticed Terence
  2077 | D:3      | Killed Terence
  2078 | D:3      | Reached XP level 5. HP: 31/45 MP: 4/4
  2910 | D:3      | Noticed Pargi
  2926 | D:3      | Killed Pargi
  3177 | D:3      | Reached XP level 6. HP: 29/52 MP: 5/5
  3266 | D:4      | Noticed Pikel
  3337 | D:4      | Reached skill level 6 in Long Blades
  3580 | D:4      | Reached XP level 7. HP: 57/60 MP: 6/6
  3657 | D:4      | Reached skill level 5 in Dodging
  3854 | D:4      | Killed Pikel
  3855 | D:4      | Reached skill level 5 in Fighting
  3855 | D:4      | Reached skill level 7 in Long Blades
  3855 | D:4      | Reached XP level 8. HP: 27/68 MP: 7/7
  3999 | D:4      | Found Gonulais's Weapon Boutique.
  4006 | D:4      | Bought a +1 falchion of holy wrath for 124 gold pieces
  4105 | D:4      | Reached skill level 8 in Long Blades
  4224 | D:5      | Entered Level 5 of the Dungeon
  4298 | D:5      | Reached skill level 5 in Armour
  4601 | D:5      | Found a staircase to the Ecumenical Temple.
  4607 | Temple   | Entered the Ecumenical Temple
  4678 | Temple   | Became a worshipper of Warmaster Okawaru
  4751 | D:5      | Found a blossoming altar of Fedhas.
  4773 | D:5      | Noticed an oklob plant
  5067 | D:6      | Reached skill level 1 in Invocations
  5167 | D:6      | Reached XP level 9. HP: 70/75 MP: 8/8
  5282 | D:6      | Found a glowing drain.
  5302 | Sewer    | Entered a sewer
  5402 | Sewer    | Reached skill level 9 in Long Blades
  5402 | Sewer    | Reached skill level 5 in Ranged Weapons
  5499 | D:6      | Reached * piety under Okawaru
  5530 | D:6      | Found Iwkitiogg's One-of-a-Kind Rings.
  5540 | D:6      | Bought the ring of Vodka {rN+ SInv} for 340 gold pieces
  6350 | D:7      | You fall into a shaft and drop 1 floor!
  6426 | D:8      | Found a hazy altar of Hepliaklqana.
  6431 | D:8      | Noticed a two-headed ogre
  6441 | D:8      | Killed a two-headed ogre
  6441 | D:8      | Reached ** piety under Okawaru
  6441 | D:8      | Reached *** piety under Okawaru
  6442 | D:8      | Reached skill level 10 in Long Blades
  6608 | D:8      | Found an ancient bone altar of Kikubaaqudgha.
  6766 | D:8      | Found a sacrificial altar of Ru.
  6784 | D:8      | Reached XP level 10. HP: 86/86 MP: 11/11
  7082 | D:7      | Reached **** piety under Okawaru
  8019 | D:9      | Found a white marble altar of Elyvilon.
  8118 | D:9      | Noticed a boulder beetle
  8128 | D:9      | Noticed a bunyip
  8128 | D:9      | a boulder beetle changed into a bunyip
  8133 | D:9      | Slain by a bunyip

Illustrated notes

Levels and vault maps discovered:
D:1:      dpeg_arrival_orchard, layout_basic, roderic_malta_cross,
          hangedman_decor_clover_reticule
D:2:      layout_loops_ring, amcnicky_mini_pool_small, uniq_natasha
D:3:      minmay_razor_zed, layout_loops_ring, kennysheep_generic_room_8,
          uniq_terence, uniq_pargi
D:4:      minmay_polygon_palace, layout_basic, serial_shops, shop,
          minmay_surrounded, uniq_pikel
D:5:      layout_rooms, tgw_fedhas, minmay_temple_entry_fiery
D:6:      layout_rooms, gup_sewer_entry_pipe, nicolae_shop_unique_rings,
          minmay_misc_feat_square, corner_web_ring, minmay_diced_spiral
D:7:      layout_basic, st_stairs_3
D:8:      layout_basic, mainiacjoe_overflow_surrounded_room,
          kiku_gazebo_garden_becter, nicolae_ru_great_annihilating_truth,
          grunt_decor_resistance
D:9:      layout_big_octagon, elyvilon_altar_3
Temple:   cyrus_circular_temple

Skill      XL: |  1  2  3  4  5  6  7  8  9 10 |
---------------+-------------------------------+-----
Long Blades    | 4 5 6 7 8 10 | 10.8
Armour         | 1 2 3 4 5 6 7 |  7.2
Fighting       | 3 4 5 6 7 |  7.6
Dodging        | 4 5 6 7 |  7.3
Ranged Weapons | 2 4 6 7 |  7.6
Invocations    | 1 3 |  3.9
Throwing       | |  2.0

Action                   |  1- 3 |  4- 6 |  7- 9 | 10-12 || total
-------------------------+-------+-------+-------+-------++-------
Melee: Long sword        |    73 |   121 |    52 |       ||   246
       Headbutt          |    14 |    20 |    49 |    28 ||   111
       Punch             |       |       |     4 |     4 ||     8
       Falchion          |       |       |   209 |   131 ||   340
 Fire: Shortbow          |       |       |   151 |    71 ||   222
Throw: Throwing net      |       |       |     1 |       ||     1
Invok: Heroism           |       |       |     1 |     1 ||     2
       Finesse           |       |       |       |     3 ||     3
Evoke: Wand              |       |       |       |     5 ||     5
  Use: Potion            |       |     2 |     2 |       ||     4
       Scroll            |       |       |    15 |     4 ||    19
 Stab: Sleeping          |       |       |     1 |       ||     1
Armor: Leather armour    |     7 |       |       |       ||     7
       Scale mail        |    28 |    24 |       |       ||    52
       Troll leather arm |       |    12 |    31 |    41 ||    84
       Skin              |       |       |    10 |       ||    10
Dodge: Dodged            |    39 |    83 |   168 |   127 ||   417
